 Dungeon Crawl Stone Soup version 0.29-a0-914-g906f1d757c (webtiles) character file.

Game seed: 9346404761214867886

6 Alarak the Magician (level 1, 0/10 HPs)
             Began as a Deep Elf Fire Elementalist on July 27, 2022.
             Slain by a jackal (2 damage)
             ... on level 1 of the Dungeon.
             The game lasted 00:01:15 (142 turns).

Alarak the Magician (Deep Elf Fire Elementalist)     Turns: 142, Time: 00:01:16

Health: 0/10       AC:  2    Str:  5    XL:     1   Next: 75%
Magic:  1/7        EV: 12    Int: 19    God:
Gold:   0          SH:  0    Dex: 15    Spells: 6/7 levels left

rFire   . . .      SeeInvis .   (no weapon)
rCold   . . .      Faith    .   (no shield)
rNeg    . . .      Spirit   .   a - +0 robe
rPois   .          Reflect  .   (no helmet)
rElec   .          Harm     .   (no cloak)
rCorr   .          Rampage  .   (no gloves)
Will    .....                   (no boots)
Stlth   ++........              (no amulet)
HPRegen 0.03/turn               (no ring)
MPRegen 0.10/turn               (no ring)

@: no status effects
A: no striking features
a: no special abilities


You were on level 1 of the Dungeon.
You visited 1 branch of the dungeon, and saw 1 of its levels.

Inventory:

Armour
 a - a +0 robe (worn)
Potions
 b - a potion of magic


   Skills:
 - Level 2.4 Dodging
 - Level 2.4 Stealth
 + Level 3.7 Spellcasting
 - Level 1.1 Conjurations
 - Level 3.2 Fire Magic


You had 6 spell levels left.
You knew the following spells:

 Your Spells              Type           Power      Damage    Failure   Level
a - Foxfire               Conj/Fire      44%        2x1d6     6%          1

Your spell library contained the following spells:

 Spells                   Type           Power      Damage    Failure   Level
 Scorch                   Fire           32%        2d7       5%          2
 Conjure Flame            Conj/Fire      11%        6-21      17%         3
 Poisonous Vapours        Pois/Air       6%         N/A       22%         2
 Inner Flame              Hex/Fire       9%         N/A       22%         3
 Flame Wave               Conj/Fire      11%        2d5       50%         4
 Corpse Rot               Necr/Pois/Air  3%         N/A       80%         4


Dungeon Overview and Level Annotations

Branches:
Dungeon (1/15)

Altars:


Message History

The bat hits you.
You conjure some foxfire!
The bat barely misses you.
The foxfire hits the bat.
You kill the bat!
You conjure some foxfire!
The jackal barks! x2; You hear a bark!
The rat bites you.
You hit the rat.
The rat is heavily wounded.
The foxfire hits the jackal.
You kill the jackal!
The foxfire hits the rat.
You kill the rat!
You conjure some foxfire!
You conjure some foxfire!
The foxfire hits the jackal.
The jackal is almost dead.
The foxfire hits the jackal.
You kill the jackal!
The dart slug launches a dart at you. The slug dart misses you.
The foxfire hits the jackal.
The jackal is heavily wounded.
You conjure some foxfire!
The jackal bites you but does no damage.
The foxfire hits the dart slug but does no damage.
Your foxfire dissipates!
The jackal barely misses you. The jackal attacks as you move away!
The jackal bites you. The jackal attacks as you move away!
The jackal misses you. The jackal bites you. The jackal barely misses you.
The jackal completely misses you. The jackal attacks as you move away!
The jackal misses you.
The jackal bites you but does no damage.
Things that are here:
a +0 short sword; a kobold corpse The jackal bites you.
* * * LOW HITPOINT WARNING * * *
You are too injured to fight recklessly!
Casting: Foxfire (safe; 6% risk of failure)
Confirm with . or Enter, or press ? or * to list all spells.
You conjure some foxfire!
The jackal bites you.
You die...

#.#...#'..# #.#.<..##.#
#.#...###.# #######
#.#.#####.####.....#
#..## #...#....[.#.###
#### #.#.#.###.......
#.#..........#
#.#....v...######
#.#####v@h)..w..#
#........h.####.#
#########.## #.#
##########..# #w#
#..)......#.# #.#
#.........#^# #.#
#.........#8#...........
###########^#...†...####
#.#.......#


You could see a dart slug and 2 jackals.

Vanquished Creatures
  2 jackals (D:1)
  A bat (D:1)
  2 kobolds (D:1)
  A rat (D:1)
6 creatures vanquished.

Vanquished Creatures (others)
  12 foxfires (D:1)
12 creatures vanquished.

Grand Total: 18 creatures vanquished

Notes
Turn   | Place    | Note
-------+----------+-------------------------------------------
     0 | D:1      | Alarak the Deep Elf Fire Elementalist began the quest for
                  | the Orb.
     0 | D:1      | Reached XP level 1. HP: 10/10 MP: 6/6
   142 | D:1      | Slain by a jackal

Illustrated notes

Levels and vault maps discovered:
D:1:      saegor_arrival_simple_e, layout_basic, serial_shops,
          nicolae_shop_bloodbath_and_beyond, shop, shop, nicolae_diamond_shop,
          nicolae_shop_hallway_stairs, minmay_misc_feat_rows,
          ebering_dispersal_statue_hall

Action                   || total
-------------------------++-------
Melee: Unarmed           ||     1
 Cast: Foxfire           ||    12
Armor: Robe              ||     2
Dodge: Dodged            ||     7

Table legend: (Time is in decaauts)
 A = Elapsed time spent in this place.
 B = Non-inter-level travel time spent in this place.
 C = Inter-level travel time spent in this place.
 D = Time resting spent in this place.
 E = Time spent auto-exploring this place.
 F = Levels seen in this place.
 G = Mean time per level.
                   A        B        C        D        E       F      G
               +--------+--------+--------+--------+--------+-----+--------+
         Total |    142 |    142 |      0 |      0 |    106 |   1 |  142.0 |
       Dungeon |    142 |    142 |      0 |      0 |    106 |   1 |  142.0 |
               +--------+--------+--------+--------+--------+-----+--------+

Top non-repeatable levels by time:
     D:1: 142 daAuts
